River Rats vs Thunder
(R1)
Created - 5 novembre 2012 at 19:08
Simulating a Pre-Season
Goals
|
River Rats |
0 |
3 |
0 |
1 |
4 |
Thunder |
0 |
2 |
1 |
0 |
3 |
|
Shots
|
River Rats |
7 |
18 |
4 |
1 |
30 |
Thunder |
5 |
22 |
6 |
1 |
34 |
|
1st period
No Goal
Penalties :
Ivan Novoseltsev (TRO) for Hooking (Minor) at 9:24, Ryan Suter (Alb) for Tripping (Minor) at 13:43, Kevin Montgomery (TRO) for Hooking (Minor) at 16:35, Martin Grenier (Alb) for Holding (Minor) at 16:35, Tyler Bozak (Alb) for Hooking (Minor) at 19:50
2nd period
1. River Rats , Dustin Boyd 6 (Sergei Shirokov) at 6:03
2. Thunder , Derek Peltier 1 (Travis Brigley, Ivan Novoseltsev) at 7:36
3. River Rats , Brett Maclean 1 (Dustin Boyd, Sergei Shirokov) at 11:25
4. River Rats , Sergei Shirokov 7 (Ryan Suter, Dustin Boyd) at 11:51
5. Thunder , Pat Dwyer 2 (Andreas Engqvist, Ronald Petrovicky) at 19:22
Penalties :
No Penalty
3rd period
6. Thunder , Pat Dwyer 3 (Ronald Petrovicky, Alexei Semenov) at 19:46
Penalties :
Andreas Engqvist (TRO) for Hooking (Minor) at 2:53, Chris Mcallister (Alb) for Interference (Minor) at 9:20, Clarke Wilm (TRO) for Hooking (Minor) at 12:23, Keith Seabrook (Alb) for Charging (Minor) at 12:23, Chris Mcallister (Alb) for Boarding (Minor) at 17:11
Overtime #1
7. River Rats , Trent Hunter 2 (Ryan Suter, Brett Maclean) at 1:25
Penalties :
No Penalty
Goalie Stats
Allen York (Alb), 31 saves from 34 shots - (0,912), W, 2-2-0, 61:25 minutes
Ben Bishop (TRO), 26 saves from 30 shots - (0,867), OTL, 1-0-1, 61:19 minutes
Players Stats for River Rats
Player Name G A P +/- PIM S H SB GA TA FO MP PP MP PK MP
------------------------------------------------------------------------------------
Andrej Meszaros 0 0 0 2 0 2 1 1 0 0 0/0 24:01 2:14 3:48
Ben Lovejoy 0 0 0 1 0 2 1 2 2 1 0/0 29:49 1:44 4:11
Brett Maclean 1 1 2 1 0 2 2 0 0 0 2/2 16:53 1:58 0:00
Bryan Bickell 0 0 0 0 0 1 1 0 0 0 0/0 13:36 0:02 2:38
Chris Mcallister 0 0 0 -1 4 1 2 0 0 0 0/0 17:26 1:58 1:35
Dustin Boyd 1 2 3 1 0 7 2 1 0 0 17/28 20:29 1:58 2:53
Jay Beagle 0 0 0 -1 0 0 0 1 0 0 1/1 9:31 0:02 0:14
Jim Fahey 0 0 0 0 0 0 0 1 0 0 0/0 0:46 0:00 0:00
Josh Gratton 0 0 0 0 0 1 0 0 1 0 0/0 8:46 0:02 0:16
Keith Seabrook 0 0 0 -3 2 0 2 1 0 2 0/0 15:44 0:00 0:45
Kyle Chipchura 0 0 0 0 0 0 0 1 0 2 3/9 12:02 0:00 4:07
Martin Grenier 0 0 0 1 2 2 2 0 0 1 0/0 28:01 1:44 4:12
Mikael Renberg 0 0 0 -1 0 1 3 1 0 0 0/0 13:09 1:58 0:00
Peter Mueller 0 0 0 0 0 0 1 0 1 1 2/6 13:13 1:58 0:16
Ryan Suter 0 2 2 2 2 1 2 1 0 2 0/0 23:20 2:14 2:42
Sergei Shirokov 1 2 3 1 0 3 2 1 2 2 1/3 22:39 1:58 4:07
Trent Hunter 1 0 1 1 0 2 2 0 0 0 0/0 10:50 0:00 0:00
Tyler Bozak 0 0 0 0 2 5 2 1 0 0 2/8 13:25 0:00 0:00
Players Stats for Thunder
Player Name G A P +/- PIM S H SB GA TA FO MP PP MP PK MP
------------------------------------------------------------------------------------
Adam Hall 0 0 0 0 0 2 0 2 1 1 0/0 16:49 3:38 0:45
Alexei Semenov 0 1 1 -3 0 2 1 2 0 2 0/0 28:29 4:33 2:29
Andreas Engqvist 0 1 1 0 2 0 0 0 0 0 1/4 10:21 0:00 0:00
Brandon Mashinter 0 0 0 1 0 0 0 0 2 0 2/7 9:28 0:00 0:00
Clarke Wilm 0 0 0 0 2 2 2 1 0 0 6/7 16:43 3:38 1:12
Colton Gillies 0 0 0 1 0 0 0 1 0 0 0/0 9:28 0:00 0:00
Dany Roussin 0 0 0 0 0 0 8 0 0 0 0/0 15:38 3:38 1:28
Derek Peltier 1 0 1 1 0 2 1 1 0 0 0/0 21:40 3:23 1:29
Doug Janik 0 0 0 -3 0 3 1 2 1 1 0/0 28:29 4:33 2:29
Ivan Novoseltsev 0 1 1 -2 2 5 0 0 2 1 0/0 21:14 4:04 0:54
Joey Ryan 0 0 0 1 0 1 0 0 0 1 0/0 11:16 0:00 0:00
Kevin Montgomery 0 0 0 1 2 0 0 0 0 0 0/0 11:16 0:00 0:00
Mike Weber 0 0 0 1 0 1 2 0 1 0 0/0 21:40 3:23 1:29
Pat Dwyer 2 0 2 2 0 3 1 2 0 0 0/0 11:45 0:03 1:23
Ronald Petrovicky 0 2 2 1 0 3 2 0 0 0 1/1 11:18 0:14 0:00
Samuel Pahlsson 0 0 0 -3 0 3 1 3 3 0 19/36 22:23 4:05 1:49
Scott Parse 0 0 0 0 0 5 0 2 0 0 0/2 13:20 0:36 0:25
Travis Brigley 0 1 1 -2 0 2 5 0 1 0 0/0 16:23 3:52 0:00
3 Stars
1 - Pat Dwyer (TRO)
2 - Dustin Boyd (Alb)
3 - Sergei Shirokov (Alb)
Power Play
River Rats - 0 on 2 Attempt(s) - 0,00%
Thunder - 0 on 4 Attempt(s) - 0,00%
Penalty Kill
River Rats - 4 on 4 Attempt(s) - 100,00%
- Score 0 goal in Penalty Kill
Thunder - 2 on 2 Attempt(s) - 100,00%
- Score 0 goal in Penalty Kill
Official
Referees : StPierre Justin and Marouelli Dan
Linesman : Jean Morin
Game Notes
Jim Fahey is injured at 2:58 of 1st period (Left Leg)
River Rats
5 vs 5 Forward
Center Left Wing Right Wing Time % Phy DF OF
1 Dustin Boyd Brett Maclean Sergei Shirokov 40 1 2 2
2 Peter Mueller Chris Mcallister Mikael Renberg 30 1 2 2
3 Tyler Bozak Bryan Bickell Trent Hunter 20 1 2 2
4 Kyle Chipchura Josh Gratton Jay Beagle 10 1 2 2
5 vs 5 Defense
Defense Defense Time % Phy DF OF
1 Ben Lovejoy Martin Grenier 40 1 2 2
2 Ryan Suter Andrej Meszaros 30 1 2 2
3 Jim Fahey Keith Seabrook 20 1 2 2
4 Ben Lovejoy Martin Grenier 10 1 2 2
PowerPlay Forward
Center Left Wing Right Wing Time % Phy DF OF
1 Dustin Boyd Chris Mcallister Sergei Shirokov 60 1 2 2
2 Peter Mueller Brett Maclean Mikael Renberg 40 1 2 2
PowerPlay Defense
Defense Defense Time % Phy DF OF
1 Ben Lovejoy Martin Grenier 60 1 2 2
2 Ryan Suter Andrej Meszaros 40 1 2 2
Penalty Kill 4 Players Forward
Center Wing Time % Phy DF OF
1 Kyle Chipchura Sergei Shirokov 60 1 2 2
2 Dustin Boyd Chris Mcallister 40 1 2 2
Penalty Kill 4 Players Defense
Defense Defense Time % Phy DF OF
1 Ben Lovejoy Martin Grenier 60 1 2 2
2 Ryan Suter Andrej Meszaros 40 1 2 2
Penalty Kill - 3 Players Forward
Forward Time % Phy DF OF
1 Mikael Renberg 60 1 2 2
2 Sergei Shirokov 40 1 2 2
Penalty Kill - 3 Players Defense
Defense Defense Time % Phy DF OF
1 Ben Lovejoy Martin Grenier 60 1 2 2
2 Ryan Suter Andrej Meszaros 40 1 2 2
4 vs 4 Forward
Center Wing Time % Phy DF OF
1 Tyler Bozak Sergei Shirokov 60 1 2 2
2 Dustin Boyd Chris Mcallister 40 1 2 2
4 vs 4 Defense
Defense Defense Time % Phy DF OF
1 Ben Lovejoy Martin Grenier 60 1 2 2
2 Ryan Suter Andrej Meszaros 40 1 2 2
Last Minutes Offensive
Center Left Wing Right Wing Defense Defense
Dustin Boyd Chris Mcallister Mikael Renberg Ben Lovejoy Martin Grenier
Last Minutes Defensive
Center Left Wing Right Wing Defense Defense
Dustin Boyd Chris Mcallister Mikael Renberg Ben Lovejoy Martin Grenier
Goaltenders
Starting : Allen York
Backup : Jeff Glass
Extra Forwards
Normal : Brett Maclean, Trent Hunter, Bryan Bickell - PP : Bryan Bickell, Brett Maclean - PK : Bryan Bickell
Extra Defensemen
Normal : Jim Fahey, Keith Seabrook, Ryan Suter - PP : Jim Fahey - PK : Keith Seabrook, Ryan Suter
Penalty Shots
Mikael Renberg, Sergei Shirokov, Dustin Boyd, Chris Mcallister, Josh Gratton
Thunder
5 vs 5 Forward
Center Left Wing Right Wing Time % Phy DF OF
1 Samuel Pahlsson Travis Brigley Ivan Novoseltsev 40 1 2 2
2 Clarke Wilm Dany Roussin Adam Hall 30 1 2 2
3 Andreas Engqvist Scott Parse Ronald Petrovicky 20 1 2 2
4 Brandon Mashinter Colton Gillies Pat Dwyer 10 1 2 2
5 vs 5 Defense
Defense Defense Time % Phy DF OF
1 Alexei Semenov Doug Janik 40 1 2 2
2 Mike Weber Derek Peltier 30 1 2 2
3 Joey Ryan Kevin Montgomery 20 1 2 2
4 Alexei Semenov Doug Janik 10 1 2 2
PowerPlay Forward
Center Left Wing Right Wing Time % Phy DF OF
1 Samuel Pahlsson Travis Brigley Ivan Novoseltsev 60 1 2 2
2 Clarke Wilm Dany Roussin Adam Hall 40 1 2 2
PowerPlay Defense
Defense Defense Time % Phy DF OF
1 Alexei Semenov Doug Janik 60 1 2 2
2 Mike Weber Derek Peltier 40 1 2 2
Penalty Kill 4 Players Forward
Center Wing Time % Phy DF OF
1 Samuel Pahlsson Ivan Novoseltsev 60 1 2 2
2 Adam Hall Clarke Wilm 40 1 2 2
Penalty Kill 4 Players Defense
Defense Defense Time % Phy DF OF
1 Alexei Semenov Doug Janik 60 1 2 2
2 Mike Weber Derek Peltier 40 1 2 2
Penalty Kill - 3 Players Forward
Forward Time % Phy DF OF
1 Samuel Pahlsson 60 1 2 2
2 Ivan Novoseltsev 40 1 2 2
Penalty Kill - 3 Players Defense
Defense Defense Time % Phy DF OF
1 Alexei Semenov Doug Janik 60 1 2 2
2 Mike Weber Derek Peltier 40 1 2 2
4 vs 4 Forward
Center Wing Time % Phy DF OF
1 Samuel Pahlsson Ivan Novoseltsev 60 1 2 2
2 Adam Hall Clarke Wilm 40 1 2 2
4 vs 4 Defense
Defense Defense Time % Phy DF OF
1 Alexei Semenov Doug Janik 60 1 2 2
2 Mike Weber Derek Peltier 40 1 2 2
Last Minutes Offensive
Center Left Wing Right Wing Defense Defense
Samuel Pahlsson Travis Brigley Ivan Novoseltsev Alexei Semenov Doug Janik
Last Minutes Defensive
Center Left Wing Right Wing Defense Defense
Samuel Pahlsson Travis Brigley Ivan Novoseltsev Alexei Semenov Doug Janik
Goaltenders
Starting : Ben Bishop
Backup : Devan Dubnyk
Extra Forwards
Normal : Scott Parse, Ronald Petrovicky, Pat Dwyer - PP : Scott Parse, Ronald Petrovicky - PK : Pat Dwyer
Extra Defensemen
Normal : Joey Ryan, Kevin Montgomery, Mike Weber - PP : Joey Ryan - PK : Kevin Montgomery, Mike Weber
Penalty Shots
Samuel Pahlsson, Ivan Novoseltsev, Adam Hall, Clarke Wilm, Travis Brigley
% Time on Ice - River Rats
Lines # - Real PCT - Wanted PCT - Time Play
Normal Forward
1 - 34% - 40% - 14:50
2 - 25% - 30% - 11:02
3 - 23% - 20% - 9:53
4 - 18% - 10% - 7:52
Normal Defense
1 - 39% - 40% - 17:13
2 - 27% - 30% - 11:50
3 - 30% - 20% - 12:58
4 - 4% - 10% - 1:36
PP Forward
1 - 50% - 60% - 2:00
2 - 50% - 40% - 1:58
PP Defense
1 - 44% - 60% - 1:44
2 - 56% - 40% - 2:14
PK Forward
1 - 77% - 60% - 6:06
2 - 23% - 40% - 1:50
PK Defense
1 - 49% - 60% - 3:54
2 - 51% - 40% - 4:02
PK3 Forward
1 - 0% - 60%
2 - 0% - 40%
PK3 Defense
1 - 0% - 60%
2 - 0% - 40%
44 Forward
1 - 74% - 60% - 4:00
2 - 26% - 40% - 1:23
44 Defense
1 - 62% - 60% - 3:19
2 - 38% - 40% - 2:04
Last Minute Offensive - 0:00
Last Minute Defensive - 0:31
Total
Forward - 61:25
Defense - 61:25
|
% Time on Ice - Thunder
Lines # - Real PCT - Wanted PCT - Time Play
Normal Forward
1 - 30% - 40% - 13:16
2 - 25% - 30% - 10:53
3 - 23% - 20% - 9:57
4 - 22% - 10% - 9:28
Normal Defense
1 - 37% - 40% - 16:09
2 - 33% - 30% - 14:21
3 - 26% - 20% - 11:16
4 - 4% - 10% - 1:48
PP Forward
1 - 54% - 60% - 4:18
2 - 46% - 40% - 3:38
PP Defense
1 - 57% - 60% - 4:33
2 - 43% - 40% - 3:23
PK Forward
1 - 81% - 60% - 3:13
2 - 19% - 40% - 0:45
PK Defense
1 - 63% - 60% - 2:29
2 - 37% - 40% - 1:29
PK3 Forward
1 - 0% - 60%
2 - 0% - 40%
PK3 Defense
1 - 0% - 60%
2 - 0% - 40%
44 Forward
1 - 71% - 60% - 3:50
2 - 29% - 40% - 1:33
44 Defense
1 - 54% - 60% - 2:56
2 - 46% - 40% - 2:27
Last Minute Offensive - 0:34
Last Minute Defensive - 0:00
Total
Forward - 61:25
Defense - 61:25
|
Play by Play
1st period
0:01 of 1st period - Samuel Pahlsson wins face-off versus Dustin Boyd in neutral zone.
0:04 of 1st period - Slapshot by Alexei Semenov.
0:04 of 1st period - Shot Blocked by Dustin Boyd.
0:53 of 1st period - Snap shot by Tyler Bozak.
0:53 of 1st period - Stopped by Ben Bishop with a rebound.
1:09 of 1st period - Slapshot by Jim Fahey.
1:09 of 1st period - Shot Blocked by Derek Peltier.
1:31 of 1st period - Slapshot by Samuel Pahlsson.
1:31 of 1st period - Stopped by Allen York with a rebound.
1:33 of 1st period - Slapshot by Mike Weber.
1:33 of 1st period - Deflect By Dustin Boyd.
1:33 of 1st period - Stopped by Allen York with a rebound.
2:16 of 1st period - Wrist shot by Tyler Bozak.
2:16 of 1st period - Stopped by Ben Bishop with a rebound.
2:34 of 1st period - Icing by Clarke Wilm.
2:35 of 1st period - Clarke Wilm wins face-off versus Kyle Chipchura in Thunder zone.
2:40 of 1st period - Wrist shot by Clarke Wilm.
2:40 of 1st period - Stopped by Allen York with a rebound.
2:54 of 1st period - Wrist shot by Clarke Wilm.
2:54 of 1st period - Shot Blocked by Kyle Chipchura.
2:58 of 1st period - Wrist shot by Adam Hall.
2:58 of 1st period - Shot Blocked by Jim Fahey.
2:58 of 1st period - Jim Fahey from River Rats is injured at 2:58 of 1st period (Left Leg).
2:59 of 1st period - Samuel Pahlsson wins face-off versus Dustin Boyd in River Rats zone.
3:45 of 1st period - Backhand shot by Bryan Bickell.
3:45 of 1st period - Stopped by Ben Bishop with a rebound.
4:05 of 1st period - Dany Roussin is hit by Sergei Shirokov and loses puck.
4:19 of 1st period - Icing by Kyle Chipchura.
4:20 of 1st period - Jay Beagle wins face-off versus Samuel Pahlsson in River Rats zone.
4:31 of 1st period - Slapshot by Ryan Suter.
4:31 of 1st period - Shot Blocked by Doug Janik.
4:42 of 1st period - Icing by Travis Brigley.
4:43 of 1st period - Dustin Boyd wins face-off versus Brandon Mashinter in Thunder zone.
4:44 of 1st period - Wrist shot by Sergei Shirokov.
4:44 of 1st period - Deflect By Doug Janik.
4:44 of 1st period - Shot Blocked by Alexei Semenov.
4:44 of 1st period - Puck is out of play.
4:45 of 1st period - Dustin Boyd wins face-off versus Brandon Mashinter in Thunder zone.
4:46 of 1st period - Wrist shot by Sergei Shirokov.
4:46 of 1st period - Shot Blocked by Alexei Semenov.
4:54 of 1st period - Snap shot by Sergei Shirokov.
4:54 of 1st period - Shot Misses the Net.
4:56 of 1st period - Slapshot by Martin Grenier.
4:56 of 1st period - Shot Misses the Net.
4:58 of 1st period - Snap shot by Brett Maclean.
4:58 of 1st period - Shot Blocked by Pat Dwyer.
6:30 of 1st period - Joey Ryan is hit by Mikael Renberg and loses puck.
7:38 of 1st period - Snap shot by Clarke Wilm.
7:38 of 1st period - Shot Misses the Net.
7:40 of 1st period - Slapshot by Alexei Semenov.
7:40 of 1st period - Deflect By Martin Grenier.
7:40 of 1st period - Stopped by Allen York without a rebound.
7:41 of 1st period - Clarke Wilm wins face-off versus Dustin Boyd in River Rats zone.
7:50 of 1st period - Doug Janik is hit by Brett Maclean and loses puck.
8:15 of 1st period - Alexei Semenov is hit by Peter Mueller and loses puck.
9:01 of 1st period - Chris Mcallister is hit by Mike Weber and loses puck.
9:22 of 1st period - Wrist shot by Travis Brigley.
9:22 of 1st period - Stopped by Allen York without a rebound.
9:23 of 1st period - Dustin Boyd wins face-off versus Samuel Pahlsson in River Rats zone.
9:23 of 1st period - Dustin Boyd is hit by Travis Brigley.
9:24 of 1st period - Minor Penalty to Ivan Novoseltsev for Hooking.
9:25 of 1st period - Samuel Pahlsson wins face-off versus Dustin Boyd in Thunder zone.
9:25 of 1st period - Samuel Pahlsson is hit by Chris Mcallister.
10:24 of 1st period - Doug Janik is hit by Dustin Boyd.
10:40 of 1st period - Wrist shot by Samuel Pahlsson.
10:40 of 1st period - Shot Misses the Net.
11:24 of 1st period - Penalty to Ivan Novoseltsev is over, Ivan Novoseltsev is back on ice.
12:02 of 1st period - Pat Dwyer is hit by Keith Seabrook.
12:28 of 1st period - Kyle Chipchura is hit by Dany Roussin and loses puck.
12:45 of 1st period - Peter Mueller is hit by Travis Brigley and loses puck.
12:56 of 1st period - Snap shot by Pat Dwyer.
12:56 of 1st period - Shot Misses the Net.
13:10 of 1st period - Dustin Boyd is hit by Ronald Petrovicky and loses puck.
13:33 of 1st period - Ivan Novoseltsev is hit by Ben Lovejoy and loses puck.
13:43 of 1st period - Minor Penalty to Ryan Suter for Tripping.
13:44 of 1st period - Clarke Wilm wins face-off versus Kyle Chipchura in River Rats zone.
13:59 of 1st period - Doug Janik is hit by Sergei Shirokov and loses puck.
15:43 of 1st period - Penalty to Ryan Suter is over, Ryan Suter is back on ice.
16:07 of 1st period - Snap shot by Dustin Boyd.
16:07 of 1st period - Deflect By Ryan Suter.
16:07 of 1st period - Stopped by Ben Bishop with a rebound.
16:15 of 1st period - Snap shot by Ryan Suter.
16:15 of 1st period - Shot Misses the Net.
16:17 of 1st period - Snap shot by Ryan Suter.
16:17 of 1st period - Deflect By Derek Peltier.
16:17 of 1st period - Shot Blocked by Pat Dwyer.
16:17 of 1st period - Puck is out of play.
16:18 of 1st period - Peter Mueller wins face-off versus Andreas Engqvist in Thunder zone.
16:35 of 1st period - Minor Penalty to Kevin Montgomery for Hooking.
16:35 of 1st period - Minor Penalty to Martin Grenier for Holding.
16:36 of 1st period - Tyler Bozak wins face-off versus Samuel Pahlsson in Thunder zone.
16:39 of 1st period - Slapshot by Tyler Bozak.
16:39 of 1st period - Stopped by Ben Bishop with a rebound.
16:41 of 1st period - Slapshot by Ben Lovejoy.
16:41 of 1st period - Stopped by Ben Bishop with a rebound.
18:01 of 1st period - Snap shot by Scott Parse.
18:01 of 1st period - Deflect By Ronald Petrovicky.
18:01 of 1st period - Shot Misses the Net.
18:01 of 1st period - Puck is out of play.
18:02 of 1st period - Samuel Pahlsson wins face-off versus Tyler Bozak in River Rats zone.
18:19 of 1st period - Slapshot by Adam Hall.
18:19 of 1st period - Shot Misses the Net.
18:25 of 1st period - Alexei Semenov is hit by Ryan Suter and loses puck.
18:35 of 1st period - Penalty to Kevin Montgomery is over, Kevin Montgomery is back on ice.
18:35 of 1st period - Penalty to Martin Grenier is over, Martin Grenier is back on ice.
18:42 of 1st period - Wrist shot by Pat Dwyer.
18:42 of 1st period - Shot Misses the Net.
18:52 of 1st period - Snap shot by Sergei Shirokov.
18:52 of 1st period - Stopped by Ben Bishop without a rebound.
18:53 of 1st period - Clarke Wilm wins face-off versus Peter Mueller in Thunder zone.
19:41 of 1st period - Wrist shot by Sergei Shirokov.
19:41 of 1st period - Shot Blocked by Scott Parse.
19:50 of 1st period - Minor Penalty to Tyler Bozak for Hooking.
19:51 of 1st period - Samuel Pahlsson wins face-off versus Kyle Chipchura in River Rats zone.
19:58 of 1st period - Wrist shot by Ivan Novoseltsev.
19:58 of 1st period - Shot Misses the Net.
2nd period
0:01 of 2nd period - Samuel Pahlsson wins face-off versus Kyle Chipchura in neutral zone.
1:50 of 2nd period - Penalty to Tyler Bozak is over, Tyler Bozak is back on ice.
2:34 of 2nd period - Slapshot by Pat Dwyer.
2:34 of 2nd period - Shot Misses the Net.
2:36 of 2nd period - Wrist shot by Mike Weber.
2:36 of 2nd period - Shot Blocked by Mikael Renberg.
2:40 of 2nd period - Slapshot by Derek Peltier.
2:40 of 2nd period - Deflect By Chris Mcallister.
2:40 of 2nd period - Stopped by Allen York with a rebound.
2:46 of 2nd period - Wrist shot by Pat Dwyer.
2:46 of 2nd period - Stopped by Allen York without a rebound.
2:47 of 2nd period - Dustin Boyd wins face-off versus Clarke Wilm in River Rats zone.
2:47 of 2nd period - Dustin Boyd is hit by Clarke Wilm.
2:53 of 2nd period - Slapshot by Andrej Meszaros.
2:53 of 2nd period - Shot Misses the Net.
2:57 of 2nd period - Snap shot by Sergei Shirokov.
2:57 of 2nd period - Deflect By Brett Maclean.
2:57 of 2nd period - Stopped by Ben Bishop with a rebound.
2:59 of 2nd period - Wrist shot by Dustin Boyd.
2:59 of 2nd period - Stopped by Ben Bishop with a rebound.
3:09 of 2nd period - Andrej Meszaros is hit by Travis Brigley.
3:15 of 2nd period - Ivan Novoseltsev is hit by Trent Hunter and loses puck.
3:35 of 2nd period - Wrist shot by Ronald Petrovicky.
3:35 of 2nd period - Stopped by Allen York without a rebound.
3:36 of 2nd period - Andreas Engqvist wins face-off versus Dustin Boyd in River Rats zone.
3:37 of 2nd period - Snap shot by Ronald Petrovicky.
3:37 of 2nd period - Deflect By Scott Parse.
3:37 of 2nd period - Stopped by Allen York without a rebound.
3:38 of 2nd period - Dustin Boyd wins face-off versus Andreas Engqvist in River Rats zone.
4:07 of 2nd period - Slapshot by Samuel Pahlsson.
4:07 of 2nd period - Stopped by Allen York with a rebound.
4:09 of 2nd period - Slapshot by Samuel Pahlsson.
4:09 of 2nd period - Stopped by Allen York with a rebound.
4:11 of 2nd period - Slapshot by Joey Ryan.
4:11 of 2nd period - Stopped by Allen York with a rebound.
4:13 of 2nd period - Wrist shot by Ivan Novoseltsev.
4:13 of 2nd period - Shot Misses the Net.
4:15 of 2nd period - Wrist shot by Samuel Pahlsson.
4:15 of 2nd period - Shot Misses the Net.
4:35 of 2nd period - Wrist shot by Tyler Bozak.
4:35 of 2nd period - Shot Misses the Net.
4:50 of 2nd period - Snap shot by Andrej Meszaros.
4:50 of 2nd period - Stopped by Ben Bishop with a rebound.
4:52 of 2nd period - Snap shot by Kyle Chipchura.
4:52 of 2nd period - Shot Misses the Net.
4:54 of 2nd period - Slapshot by Andrej Meszaros.
4:54 of 2nd period - Stopped by Ben Bishop without a rebound.
4:55 of 2nd period - Dustin Boyd wins face-off versus Samuel Pahlsson in Thunder zone.
5:08 of 2nd period - Slapshot by Travis Brigley.
5:08 of 2nd period - Stopped by Allen York with a rebound.
5:21 of 2nd period - Andrej Meszaros is hit by Dany Roussin and loses puck.
5:40 of 2nd period - Snap shot by Scott Parse.
5:40 of 2nd period - Shot Blocked by Andrej Meszaros.
5:42 of 2nd period - Slapshot by Doug Janik.
5:42 of 2nd period - Stopped by Allen York with a rebound.
5:50 of 2nd period - Snap shot by Ronald Petrovicky.
5:50 of 2nd period - Stopped by Allen York without a rebound.
5:51 of 2nd period - Sergei Shirokov wins face-off versus Samuel Pahlsson in River Rats zone.
5:51 of 2nd period - Sergei Shirokov is hit by Samuel Pahlsson.
6:01 of 2nd period - Wrist shot by Dustin Boyd.
6:01 of 2nd period - Stopped by Ben Bishop with a rebound.
6:03 of 2nd period - Slapshot by Dustin Boyd.
6:03 of 2nd period - Goal by Dustin Boyd - River Rats : 1 - Thunder : 0.
6:04 of 2nd period - Samuel Pahlsson wins face-off versus Dustin Boyd in neutral zone.
6:57 of 2nd period - Alexei Semenov is hit by Bryan Bickell and loses puck.
7:34 of 2nd period - Snap shot by Travis Brigley.
7:34 of 2nd period - Shot Misses the Net.
7:36 of 2nd period - Slapshot by Derek Peltier.
7:36 of 2nd period - Goal by Derek Peltier - River Rats : 1 - Thunder : 1.
7:37 of 2nd period - Samuel Pahlsson wins face-off versus Dustin Boyd in neutral zone.
7:40 of 2nd period - Snap shot by Ivan Novoseltsev.
7:40 of 2nd period - Stopped by Allen York without a rebound.
7:41 of 2nd period - Dustin Boyd wins face-off versus Samuel Pahlsson in River Rats zone.
8:10 of 2nd period - Snap shot by Trent Hunter.
8:10 of 2nd period - Stopped by Ben Bishop with a rebound.
8:12 of 2nd period - Snap shot by Tyler Bozak.
8:12 of 2nd period - Shot Blocked by Samuel Pahlsson.
8:14 of 2nd period - Slapshot by Ben Lovejoy.
8:14 of 2nd period - Stopped by Ben Bishop with a rebound.
8:16 of 2nd period - Wrist shot by Trent Hunter.
8:16 of 2nd period - Shot Misses the Net.
8:18 of 2nd period - Slapshot by Ben Lovejoy.
8:18 of 2nd period - Shot Misses the Net.
8:32 of 2nd period - Snap shot by Mikael Renberg.
8:32 of 2nd period - Shot Misses the Net.
8:50 of 2nd period - Wrist shot by Sergei Shirokov.
8:50 of 2nd period - Shot Misses the Net.
8:58 of 2nd period - Snap shot by Ronald Petrovicky.
8:58 of 2nd period - Shot Misses the Net.
9:31 of 2nd period - Snap shot by Mikael Renberg.
9:31 of 2nd period - Shot Misses the Net.
9:33 of 2nd period - Wrist shot by Ben Lovejoy.
9:33 of 2nd period - Shot Blocked by Colton Gillies.
9:35 of 2nd period - Slapshot by Chris Mcallister.
9:35 of 2nd period - Stopped by Ben Bishop without a rebound.
9:36 of 2nd period - Peter Mueller wins face-off versus Samuel Pahlsson in Thunder zone.
9:44 of 2nd period - Snap shot by Mikael Renberg.
9:44 of 2nd period - Shot Blocked by Doug Janik.
9:46 of 2nd period - Snap shot by Chris Mcallister.
9:46 of 2nd period - Deflect By Mikael Renberg.
9:46 of 2nd period - Shot Misses the Net.
9:46 of 2nd period - Puck is out of play.
9:47 of 2nd period - Dustin Boyd wins face-off versus Samuel Pahlsson in Thunder zone.
9:54 of 2nd period - Wrist shot by Sergei Shirokov.
9:54 of 2nd period - Shot Blocked by Samuel Pahlsson.
10:12 of 2nd period - Alexei Semenov is hit by Martin Grenier.
10:38 of 2nd period - Slapshot by Martin Grenier.
10:38 of 2nd period - Stopped by Ben Bishop with a rebound.
11:02 of 2nd period - Snap shot by Ivan Novoseltsev.
11:02 of 2nd period - Stopped by Allen York without a rebound.
11:03 of 2nd period - Samuel Pahlsson wins face-off versus Dustin Boyd in River Rats zone.
11:04 of 2nd period - Wrist shot by Ivan Novoseltsev.
11:04 of 2nd period - Shot Blocked by Ryan Suter.
11:09 of 2nd period - Off-side.
11:10 of 2nd period - Dustin Boyd wins face-off versus Samuel Pahlsson in neutral zone.
11:21 of 2nd period - Slapshot by Dustin Boyd.
11:21 of 2nd period - Stopped by Ben Bishop with a rebound.
11:23 of 2nd period - Snap shot by Brett Maclean.
11:23 of 2nd period - Shot Misses the Net.
11:25 of 2nd period - Slapshot by Brett Maclean.
11:25 of 2nd period - Goal by Brett Maclean - River Rats : 2 - Thunder : 1.
11:26 of 2nd period - Dustin Boyd wins face-off versus Samuel Pahlsson in neutral zone.
11:34 of 2nd period - Slapshot by Doug Janik.
11:34 of 2nd period - Stopped by Allen York with a rebound.
11:36 of 2nd period - Wrist shot by Ivan Novoseltsev.
11:36 of 2nd period - Stopped by Allen York with a rebound.
11:38 of 2nd period - Slapshot by Travis Brigley.
11:38 of 2nd period - Deflect By Ivan Novoseltsev.
11:38 of 2nd period - Deflect By Dustin Boyd.
11:38 of 2nd period - Shot Blocked by Ben Lovejoy.
11:38 of 2nd period - Puck is out of play.
11:39 of 2nd period - Dustin Boyd wins face-off versus Samuel Pahlsson in River Rats zone.
11:47 of 2nd period - Off-side.
11:48 of 2nd period - Dustin Boyd wins face-off versus Samuel Pahlsson in neutral zone.
11:51 of 2nd period - Wrist shot by Ryan Suter.
11:51 of 2nd period - Deflect By Sergei Shirokov.
11:51 of 2nd period - Goal by Sergei Shirokov - River Rats : 3 - Thunder : 1.
11:52 of 2nd period - Dustin Boyd wins face-off versus Samuel Pahlsson in neutral zone.
11:55 of 2nd period - Slapshot by Martin Grenier.
11:55 of 2nd period - Shot Misses the Net.
12:19 of 2nd period - Wrist shot by Clarke Wilm.
12:19 of 2nd period - Shot Misses the Net.
12:25 of 2nd period - Adam Hall is hit by Mikael Renberg and loses puck.
12:44 of 2nd period - Ben Lovejoy is hit by Ronald Petrovicky.
12:50 of 2nd period - Wrist shot by Ronald Petrovicky.
12:50 of 2nd period - Shot Blocked by Tyler Bozak.
13:24 of 2nd period - Icing by Joey Ryan.
13:25 of 2nd period - Kyle Chipchura wins face-off versus Andreas Engqvist in Thunder zone.
13:34 of 2nd period - Slapshot by Alexei Semenov.
13:34 of 2nd period - Shot Blocked by Jay Beagle.
13:36 of 2nd period - Backhand shot by Scott Parse.
13:36 of 2nd period - Shot Misses the Net.
13:40 of 2nd period - Snap shot by Scott Parse.
13:40 of 2nd period - Stopped by Allen York with a rebound.
13:42 of 2nd period - Wrist shot by Scott Parse.
13:42 of 2nd period - Stopped by Allen York with a rebound.
13:54 of 2nd period - Wrist shot by Scott Parse.
13:54 of 2nd period - Stopped by Allen York with a rebound.
13:56 of 2nd period - Slapshot by Alexei Semenov.
13:56 of 2nd period - Stopped by Allen York without a rebound.
13:57 of 2nd period - Dustin Boyd wins face-off versus Samuel Pahlsson in River Rats zone.
13:57 of 2nd period - Dustin Boyd is hit by Travis Brigley.
14:28 of 2nd period - Wrist shot by Mikael Renberg.
14:28 of 2nd period - Stopped by Ben Bishop with a rebound.
14:30 of 2nd period - Slapshot by Martin Grenier.
14:30 of 2nd period - Stopped by Ben Bishop with a rebound.
14:48 of 2nd period - Mike Weber is hit by Tyler Bozak and loses puck.
14:53 of 2nd period - Snap shot by Tyler Bozak.
14:53 of 2nd period - Stopped by Ben Bishop with a rebound.
15:07 of 2nd period - Jay Beagle is hit by Travis Brigley and loses puck.
15:36 of 2nd period - Snap shot by Mikael Renberg.
15:36 of 2nd period - Deflect By Peter Mueller.
15:36 of 2nd period - Shot Misses the Net.
15:36 of 2nd period - Puck is out of play.
15:37 of 2nd period - Brandon Mashinter wins face-off versus Peter Mueller in Thunder zone.
15:37 of 2nd period - Brandon Mashinter is hit by Chris Mcallister.
16:11 of 2nd period - Icing by Alexei Semenov.
16:12 of 2nd period - Dustin Boyd wins face-off versus Brandon Mashinter in Thunder zone.
16:21 of 2nd period - Snap shot by Dustin Boyd.
16:21 of 2nd period - Stopped by Ben Bishop without a rebound.
16:22 of 2nd period - Samuel Pahlsson wins face-off versus Dustin Boyd in Thunder zone.
16:48 of 2nd period - Travis Brigley is hit by Martin Grenier and loses puck.
17:09 of 2nd period - Slapshot by Ben Lovejoy.
17:09 of 2nd period - Deflect By Dustin Boyd.
17:09 of 2nd period - Stopped by Ben Bishop without a rebound.
17:10 of 2nd period - Clarke Wilm wins face-off versus Peter Mueller in Thunder zone.
17:23 of 2nd period - Peter Mueller is hit by Dany Roussin and loses puck.
17:36 of 2nd period - Bryan Bickell is hit by Alexei Semenov and loses puck.
18:58 of 2nd period - Snap shot by Scott Parse.
18:58 of 2nd period - Deflect By Ronald Petrovicky.
18:58 of 2nd period - Stopped by Allen York with a rebound.
19:22 of 2nd period - Snap shot by Pat Dwyer.
19:22 of 2nd period - Goal by Pat Dwyer - River Rats : 3 - Thunder : 2.
19:23 of 2nd period - Samuel Pahlsson wins face-off versus Dustin Boyd in neutral zone.
19:32 of 2nd period - Wrist shot by Travis Brigley.
19:32 of 2nd period - Shot Misses the Net.
19:50 of 2nd period - Chris Mcallister is hit by Dany Roussin and loses puck.
19:59 of 2nd period - Slapshot by Clarke Wilm.
19:59 of 2nd period - Stopped by Allen York with a rebound.
3rd period
0:01 of 3rd period - Samuel Pahlsson wins face-off versus Sergei Shirokov in neutral zone.
0:04 of 3rd period - Backhand shot by Doug Janik.
0:04 of 3rd period - Stopped by Allen York without a rebound.
0:05 of 3rd period - Dustin Boyd wins face-off versus Samuel Pahlsson in River Rats zone.
0:36 of 3rd period - Wrist shot by Chris Mcallister.
0:36 of 3rd period - Shot Misses the Net.
0:38 of 3rd period - Wrist shot by Peter Mueller.
0:38 of 3rd period - Shot Blocked by Adam Hall.
0:40 of 3rd period - Slapshot by Andrej Meszaros.
0:40 of 3rd period - Shot Blocked by Adam Hall.
1:17 of 3rd period - Wrist shot by Sergei Shirokov.
1:17 of 3rd period - Stopped by Ben Bishop without a rebound.
1:18 of 3rd period - Dustin Boyd wins face-off versus Brandon Mashinter in Thunder zone.
1:43 of 3rd period - Backhand shot by Dustin Boyd.
1:43 of 3rd period - Stopped by Ben Bishop with a rebound.
1:45 of 3rd period - Snap shot by Martin Grenier.
1:45 of 3rd period - Deflect By Dustin Boyd.
1:45 of 3rd period - Shot Misses the Net.
1:45 of 3rd period - Puck is out of play.
1:46 of 3rd period - Samuel Pahlsson wins face-off versus Peter Mueller in Thunder zone.
2:13 of 3rd period - Tyler Bozak is hit by Clarke Wilm and loses puck.
2:22 of 3rd period - Snap shot by Clarke Wilm.
2:22 of 3rd period - Deflect By Adam Hall.
2:22 of 3rd period - Stopped by Allen York with a rebound.
2:40 of 3rd period - Wrist shot by Pat Dwyer.
2:40 of 3rd period - Shot Misses the Net.
2:53 of 3rd period - Minor Penalty to Andreas Engqvist for Hooking.
2:54 of 3rd period - Samuel Pahlsson wins face-off versus Dustin Boyd in Thunder zone.
3:19 of 3rd period - Doug Janik is hit by Mikael Renberg and loses puck.
3:24 of 3rd period - Snap shot by Mikael Renberg.
3:24 of 3rd period - Shot Misses the Net.
4:18 of 3rd period - Sergei Shirokov is hit by Dany Roussin and loses puck.
4:53 of 3rd period - Penalty to Andreas Engqvist is over, Andreas Engqvist is back on ice.
5:07 of 3rd period - Wrist shot by Tyler Bozak.
5:07 of 3rd period - Stopped by Ben Bishop with a rebound.
5:11 of 3rd period - Wrist shot by Trent Hunter.
5:11 of 3rd period - Shot Blocked by Samuel Pahlsson.
5:25 of 3rd period - Snap shot by Mike Weber.
5:25 of 3rd period - Shot Blocked by Keith Seabrook.
6:23 of 3rd period - Clarke Wilm is hit by Keith Seabrook and loses puck.
6:44 of 3rd period - Slapshot by Martin Grenier.
6:44 of 3rd period - Shot Misses the Net.
7:41 of 3rd period - Ben Lovejoy is hit by Derek Peltier.
7:51 of 3rd period - Jay Beagle is hit by Mike Weber and loses puck.
8:04 of 3rd period - Chris Mcallister is hit by Dany Roussin and loses puck.
8:17 of 3rd period - Scott Parse is hit by Brett Maclean and loses puck.
8:41 of 3rd period - Bryan Bickell is hit by Pat Dwyer and loses puck.
8:57 of 3rd period - Icing by Kevin Montgomery.
8:58 of 3rd period - Clarke Wilm wins face-off versus Sergei Shirokov in Thunder zone.
9:10 of 3rd period - Dustin Boyd is hit by Dany Roussin and loses puck.
9:20 of 3rd period - Minor Penalty to Chris Mcallister for Interference.
9:21 of 3rd period - Samuel Pahlsson wins face-off versus Kyle Chipchura in River Rats zone.
10:59 of 3rd period - Doug Janik is hit by Dustin Boyd and loses puck.
11:20 of 3rd period - Penalty to Chris Mcallister is over, Chris Mcallister is back on ice.
11:48 of 3rd period - Kevin Montgomery is hit by Tyler Bozak and loses puck.
12:13 of 3rd period - Andreas Engqvist is hit by Andrej Meszaros and loses puck.
12:23 of 3rd period - Minor Penalty to Clarke Wilm for Hooking.
12:23 of 3rd period - Minor Penalty to Keith Seabrook for Charging.
12:24 of 3rd period - Samuel Pahlsson wins face-off versus Tyler Bozak in neutral zone.
12:31 of 3rd period - Snap shot by Samuel Pahlsson.
12:31 of 3rd period - Shot Blocked by Sergei Shirokov.
12:33 of 3rd period - Wrist shot by Ivan Novoseltsev.
12:33 of 3rd period - Stopped by Allen York with a rebound.
12:35 of 3rd period - Slapshot by Doug Janik.
12:35 of 3rd period - Shot Misses the Net.
12:56 of 3rd period - Icing by Ben Lovejoy.
12:57 of 3rd period - Samuel Pahlsson wins face-off versus Tyler Bozak in River Rats zone.
13:27 of 3rd period - Off-side.
13:28 of 3rd period - Samuel Pahlsson wins face-off versus Tyler Bozak in neutral zone.
13:31 of 3rd period - Slapshot by Alexei Semenov.
13:31 of 3rd period - Shot Misses the Net.
14:02 of 3rd period - Snap shot by Scott Parse.
14:02 of 3rd period - Stopped by Allen York without a rebound.
14:03 of 3rd period - Tyler Bozak wins face-off versus Samuel Pahlsson in River Rats zone.
14:23 of 3rd period - Penalty to Clarke Wilm is over, Clarke Wilm is back on ice.
14:23 of 3rd period - Penalty to Keith Seabrook is over, Keith Seabrook is back on ice.
14:28 of 3rd period - Wrist shot by Clarke Wilm.
14:28 of 3rd period - Shot Misses the Net.
14:40 of 3rd period - Snap shot by Martin Grenier.
14:40 of 3rd period - Shot Misses the Net.
14:42 of 3rd period - Snap shot by Chris Mcallister.
14:42 of 3rd period - Shot Misses the Net.
14:44 of 3rd period - Slapshot by Martin Grenier.
14:44 of 3rd period - Deflect By Dustin Boyd.
14:44 of 3rd period - Shot Misses the Net.
14:44 of 3rd period - Puck is out of play.
14:45 of 3rd period - Kyle Chipchura wins face-off versus Brandon Mashinter in Thunder zone.
14:50 of 3rd period - Wrist shot by Josh Gratton.
14:50 of 3rd period - Stopped by Ben Bishop without a rebound.
14:51 of 3rd period - Brandon Mashinter wins face-off versus Kyle Chipchura in Thunder zone.
15:20 of 3rd period - Samuel Pahlsson is hit by Trent Hunter and loses puck.
16:17 of 3rd period - Dustin Boyd is hit by Dany Roussin and loses puck.
16:22 of 3rd period - Snap shot by Adam Hall.
16:22 of 3rd period - Stopped by Allen York with a rebound.
16:24 of 3rd period - Backhand shot by Mike Weber.
16:24 of 3rd period - Shot Blocked by Ben Lovejoy.
17:04 of 3rd period - Wrist shot by Mikael Renberg.
17:04 of 3rd period - Shot Misses the Net.
17:11 of 3rd period - Minor Penalty to Chris Mcallister for Boarding.
17:12 of 3rd period - Kyle Chipchura wins face-off versus Samuel Pahlsson in River Rats zone.
17:50 of 3rd period - Snap shot by Clarke Wilm.
17:50 of 3rd period - Shot Misses the Net.
18:38 of 3rd period - Ryan Suter is hit by Doug Janik and loses puck.
19:11 of 3rd period - Penalty to Chris Mcallister is over, Chris Mcallister is back on ice.
19:18 of 3rd period - Icing by Ben Lovejoy.
19:19 of 3rd period - Brett Maclean wins face-off versus Scott Parse in River Rats zone.
19:24 of 3rd period - Wrist shot by Keith Seabrook.
19:24 of 3rd period - Deflect By Mikael Renberg.
19:24 of 3rd period - Shot Blocked by Scott Parse.
19:24 of 3rd period - Puck is out of play.
19:25 of 3rd period - Denis Savard call a timeout for Thunder.
19:25 of 3rd period - Brett Maclean wins face-off versus Scott Parse in Thunder zone.
19:32 of 3rd period - Slapshot by Chris Mcallister.
19:32 of 3rd period - Shot Misses the Net.
19:40 of 3rd period - Thunder, Ben Bishop is pulled from the net.
19:46 of 3rd period - Snap shot by Pat Dwyer.
19:46 of 3rd period - Goal by Pat Dwyer - River Rats : 3 - Thunder : 3.
19:46 of 3rd period - Ben Bishop from Thunder was sent back in the game.
19:47 of 3rd period - Ronald Petrovicky wins face-off versus Tyler Bozak in neutral zone.
Overtime #1
0:01 of 1st overtime period - Samuel Pahlsson wins face-off versus Tyler Bozak in neutral zone.
0:04 of 1st overtime period - Slapshot by Doug Janik.
0:04 of 1st overtime period - Deflect By Ivan Novoseltsev.
0:04 of 1st overtime period - Stopped by Allen York with a rebound.
0:58 of 1st overtime period - Snap shot by Dustin Boyd.
0:58 of 1st overtime period - Shot Blocked by Clarke Wilm.
1:12 of 1st overtime period - Alexei Semenov is hit by Ryan Suter and loses puck.
1:25 of 1st overtime period - Snap shot by Trent Hunter.
1:25 of 1st overtime period - Goal by Trent Hunter - River Rats : 4 - Thunder : 3.
Output by the SimonT Hockey Simulator (STHS) for François Prévost -- Original Page W3C XHTML 1.0 Valid